 Dungeon Crawl Stone Soup version 0.23.2-30-g0e89c35649 (webtiles) character file.

Game seed: 3232190469046574559

49 redwoodhats the Vexing (level 3, -4/30 HPs)
             Began as a Deep Dwarf Arcane Marksman on June 26, 2019.
             Slain by an orc
             ... wielding a cursed +0 hand axe
              (6 damage)
             ... on level 3 of the Dungeon.
             The game lasted 00:08:39 (1648 turns).

redwoodhats the Vexing (Deep Dwarf Arcane Marksman) Turns: 1648, Time: 00:08:39

Health: -4/30      AC:  2    Str: 14    XL:     3   Next: 51%
Magic:  2/4        EV: 13    Int: 13    God:
Gold:   74         SH:  0    Dex: 13    Spells: 1/4 levels left

rFire    . . .     SeeInvis .   h - +1 great sword
rCold    . . .     Gourm    .   (shield currently unavailable)
rNeg     . . .     Faith    .   a - +0 robe
rPois    .         Spirit   .   (no helmet)
rElec    .         Reflect  .   (no cloak)
rCorr    .         Harm     .   (no gloves)
MR       .....                  (no boots)
Stlth    ++........             (no amulet)
HPRegen  0.00/turn              (no ring)
MPRegen  0.09/turn              (no ring)

@: non-regenerating
A: damage resistance, heal wounds, sense surroundings 1, no regeneration
a: Heal Wounds


You were on level 3 of the Dungeon.
You were not hungry.

You visited 1 branch of the dungeon, and saw 3 of its levels.

You collected 74 gold pieces.

Inventory:

Hand Weapons
 h - a +1 great sword (weapon)
 j - a +0 spear
Missiles
 b - a throwing net
 d - a javelin (quivered)
Armour
 a - a +0 robe (worn)
Jewellery
 k - a cursed -2 ring of strength
Wands
 c - a wand of clouds (6)
Potions
 e - a potion of flight
 g - 2 potions of curing
Comestibles
 f - 3 rations


   Skills:
 + Level 0.9 Fighting
 + Level 0.2 Long Blades
 + Level 2.2 Throwing
 + Level 2.4 Dodging
 + Level 1.5 Stealth
 + Level 1.1 Spellcasting
 + Level 3.1 Hexes


You had one spell level left.
You knew the following spells:

 Your Spells              Type           Power        Failure   Level  Hunger
a - Corona                Hex            #......      8%          1    ##.....
b - Slow                  Hex            #.......     12%         2    ###....

Your spell library contained the following spells:

 Spells                   Type           Power        Failure   Level  Hunger
 Inner Flame              Hex/Fire       #.......     41%         3    ####...
 Portal Projectile        Hex/Tloc       #.....       41%         3    ####...
 Cause Fear               Hex            #.........   61%         4    #####..
 Leda's Liquefaction      Hex/Erth       #.........   82%         4    #####..


Dungeon Overview and Level Annotations

Branches:
Dungeon (3/15)

Altars:
Makhleb
Uskayaw


Innate Abilities, Weirdness & Mutations

You are resistant to damage.
You can heal yourself by infusing magical energy.
You passively map a small area around you.
You do not regenerate.


Message History

The orc priest mumbles some strange prayers to Beogh against you.
Pain shoots through your body!
The orc priest invokes the aid of Beogh against you.
Beogh smites you!
The orc priest looks encouraged for a moment.
You slash the orc!
You kill the orc!
The orc priest calls down the wrath of Beogh upon you.
Beogh smites you!
* * * LOW HITPOINT WARNING * * *
You closely miss the orc.
The orc hits you with a cursed +0 hand axe.
* * * LOW HITPOINT WARNING * * *
You barely miss the orc. The orc barely misses you.
The orc priest looks braver for a moment.
The orc closely misses you.
You riposte.
You hit the orc but do no damage. You hit the orc.
The orc is heavily wounded.
The orc hits you with a cursed +0 hand axe!
You die...

#.# * #.# # * ##.#
#.######## ##..#
##.(......#######...#######
**
.......o.o....##...........
(##########._.# #.)<# * * ,
..........####..#
,#######..ooo@...# , *
#.#######.# , , , #.#
#.####### , #.# #........ ,
, , * #.# #######.# #.# * ,
#.# * ** #.# * #.# * ** *


You could see an orc priest and 2 orcs.

Vanquished Creatures
  An adder (D:3)
  A dart slug (D:1)
  2 leopard geckos
  An orc (D:3)
  A giant cockroach (D:2)
  4 goblins
  5 hobgoblins
  2 jackals (D:1)
  3 kobolds
  5 bats
  2 frilled lizards (D:1)
  6 rats (D:1)
33 creatures vanquished.

Notes
Turn   | Place    | Note
-------+----------+-------------------------------------------
     0 | D:1      | redwoodhats the Deep Dwarf Arcane Marksman began the quest
                  | for the Orb.
     0 | D:1      | Reached XP level 1. HP: 16/16 MP: 2/2
   124 | D:1      | Reached XP level 2. HP: 24/24 MP: 3/3
   196 | D:1      | Reached skill level 3 in Hexes
   566 | D:2      | Reached XP level 3. HP: 15/30 MP: 4/4
   589 | D:2      | Found a hide-covered altar of Uskayaw.
   714 | D:2      | Learned a level 2 spell: Slow
  1595 | D:3      | Reached skill level 1 in Stealth
  1607 | D:3      | Found a burning altar of Makhleb.
  1648 | D:3      | Slain by an orc

Skill      XL: |  1  2  3 |
---------------+----------+-----
Hexes          | 3 |  3.1
Throwing       | 2 |  2.2
Stealth        | 1 |  1.5
Fighting       | |  0.9
Long Blades    | |  0.2
Dodging        | |  2.4
Spellcasting   | |  1.1

Action                   || total
-------------------------++-------
Melee: Spear             ||    26
       Unarmed           ||     5
       Great sword       ||    34
Throw: Javelin           ||    35
       Throwing net      ||     4
 Cast: Corona            ||     5
 Abil: Heal Wounds       ||     1
  Use: Potion            ||     4
       Scroll            ||     5
 Stab: Sleeping          ||     2
  Eat: Ration            ||     1
Armor: Robe              ||    30
Dodge: Dodged            ||   101
       Rpst.: Great sword ||    14
